 Dungeon Crawl Stone Soup version 0.20-a0-16-g0876c8e (webtiles) character file.

500 dobroeutro the Covered (level 7, -1/44 HPs)
             Began as a Gargoyle Fighter on Nov 4, 2016.
             Slain by an ogre
             ... wielding a +0 giant spiked club
              (16 damage)
             ... on level 4 of the Dungeon.
             The game lasted 00:04:30 (2672 turns).

dobroeutro the Covered (Gargoyle Fighter)           Turns: 2672, Time: 00:04:31

Health: -1/44      AC: 14    Str: 21    XL:     7   Next: 16%
Magic:  7/7        EV:  8    Int:  8    God:
Gold:   249        SH:  9    Dex: 10    Spells: 0 memorised, 6 levels left

rFire  . . .     SeeInvis .     a - +0 flail
rCold  . . .     Gourm    .     b - +0 scale mail
rNeg   + . .     Faith    .     c - +0 shield
rPois  ∞         Spirit   .     t - +0 helmet
rElec  +         Reflect  .     w - +0 cloak
rCorr  .         Harm     .     (no gloves)
MR     .....                    (no boots)
Stlth  ..........               (no amulet)
                                (no ring)
                                (no ring)

@: no status effects
A: negative energy resistance 1, electricity resistance, unbreathing,
petrification resistance, rot immunity, AC +4
a: no special abilities


You were on level 4 of the Dungeon.
You were hungry.

You visited 1 branch of the dungeon, and saw 4 of its levels.

You collected 249 gold pieces.

Inventory:

Hand Weapons
 a - a +0 flail (weapon)
Armour
 b - a +0 scale mail (worn)
 c - a +0 shield (worn)
 t - a +0 helmet (worn)
 w - a +0 cloak (worn)
Wands
 q - a wand of random effects (23/48)
Scrolls
 e - 2 scrolls of noise {unknown}
 j - 2 scrolls of teleportation {unknown}
 k - 5 scrolls of remove curse {unknown}
 l - 5 scrolls of identify {unknown}
 m - a scroll of blinking {unknown}
 o - a scroll of enchant weapon {unknown}
 p - 2 scrolls of recharging {unknown}
 x - a scroll of random uselessness {unknown}
Potions
 d - 3 potions of might
 h - 2 potions of degeneration {unknown}
 i - 4 potions of curing
 r - a potion of heal wounds {unknown}
 s - a potion of cure mutation {unknown}
 u - a potion of lignification {unknown}
 A - a potion of brilliance {unknown}
Comestibles
 f - 4 bread rations
 g - 4 beef jerkies
 n - a slice of pizza
 v - 2 fruits
 z - a meat ration


   Skills:
 + Level 4.5 Fighting
 * Level 4.8 Maces & Flails
 + Level 4.9 Armour
 + Level 2.8 Dodging
 - Level 3.2 Shields


You had 6 spell levels left.
You didn't know any spells.

Dungeon Overview and Level Annotations

Branches:
Dungeon (4/15)
 Temple: D:4-7

Altars:
Gozag
Kikubaaqudgha
Nemelex Xobeh
Vehumet
Yredelemnul


Innate Abilities, Weirdness & Mutations

You are resistant to torment.
Your stone body is resilient. (AC +4)
You are immune to poison.
You resist negative energy. (rN+)
You are resistant to electric shocks. (rElec)
You can survive without breathing.
You are immune to petrification.
You are immune to rotting.


Message History

Your shield and scale mail prevent you from hitting the ogre.
You block the ogre's attack.
You closely miss the ogre.
The ogre hits you with a giant spiked club!
You hit the ogre.
The ogre is lightly wounded.
The ogre hits you with a giant spiked club!
You barely miss the ogre.
The ogre is lightly wounded.
The ogre hits you but does no damage.
You barely miss the ogre.
The ogre is lightly wounded.
You block the ogre's attack.
You completely miss the ogre.
The ogre is lightly wounded.
The ogre hits you but does no damage.
You sock the ogre!
The ogre is moderately wounded.
The ogre hits you with a giant spiked club!
You die...

#.#..........PP.♣
♣.♣#.............
#.###....#.......
##♣#♣.♣#♣.##.##.#####
#.........##.#..#
#.♣#♣.♣#♣###.#.##
#..........######
#.##♣.♣####.#........
#...@.# #....<..♣.♣.♣
###O###.......### ..
#.. .....###.# ♣ #..
##... #.. ... #.. ##.
#### #.. .. #. .#


You could see an ogre.

Vanquished Creatures
  2 hounds
  Crazy Yiuf (D:3)
  An orc priest (D:3)
  An orc wizard (D:3)
  Terence (D:2)
  Jessica (D:2)
  Natasha (thrice) (D:3)
  A worker ant (D:4)
  Robin (D:3)
  10 adders
  A shadow imp (D:4)
  An ooze (D:3)
  2 worms (D:3)
  3 dart slugs
  2 leopard geckos
  5 orcs
  7 bats
  A giant cockroach (D:3)
  15 goblins
  10 hobgoblins
  2 jackals (D:2)
  A quokka (D:3)
  A ball python (D:3)
  6 frilled lizards
  4 kobolds
  A quokka skeleton (D:4)
  2 rats
86 creatures vanquished.

Notes
Turn   | Place    | Note
-------+----------+-------------------------------------------
     0 | D:1      | dobroeutro the Gargoyle Fighter began the quest for the Orb.
     0 | D:1      | Reached XP level 1. HP: 14/14 MP: 1/1
   198 | D:1      | Reached XP level 2. HP: 16/19 MP: 2/2
   613 | D:2      | Reached skill level 1 in Dodging
   660 | D:2      | Reached XP level 3. HP: 17/23 MP: 3/3
   733 | D:2      | Noticed Jessica
   755 | D:2      | Killed Jessica
   755 | D:2      | Reached XP level 4. HP: 17/28 MP: 4/4
   896 | D:2      | Found a basalt altar of Yredelemnul.
   896 | D:2      | Found a radiant altar of Vehumet.
   996 | D:2      | Noticed Terence
  1015 | D:2      | Killed Terence
  1015 | D:2      | Reached XP level 5. HP: 29/33 MP: 5/5
  1167 | D:3      | Noticed Natasha
  1170 | D:3      | Noticed Robin
  1496 | D:3      | Killed Natasha
  1526 | D:3      | Killed Robin
  1572 | D:3      | Noticed Natasha
  1576 | D:3      | Killed Natasha
  1618 | D:3      | Found an ancient bone altar of Kikubaaqudgha.
  1656 | D:3      | Reached XP level 6. HP: 24/38 MP: 6/6
  1717 | D:3      | Found a runed door.
  1721 | D:3      | Noticed Crazy Yiuf
  1733 | D:3      | Killed Crazy Yiuf
  1776 | D:3      | Noticed Natasha
  1793 | D:3      | Killed Natasha
  1926 | D:3      | Found an opulent altar of Gozag.
  2359 | D:3      | Found a sparkling altar of Nemelex Xobeh.
  2427 | D:4      | Reached XP level 7. HP: 44/44 MP: 7/7
  2672 | D:4      | Slain by an ogre

Vault maps used:
D:1:      minmay_arrival_five_plusses
D:2:      gammafunk_temple_overflow_wave, uniq_terence, uniq_jessica
D:3:      lemuel_round_altar, kiku_gazebo_pond_becter, grunt_gozag_statues,
          portal_sewer_entry_d, first_bread, minmay_lizard_king,
          uniq_crazy_yiuf_cottage, uniq_robin, uniq_natasha
D:4:      kennysheep_spiral_hall, serial_forest, infiniplex_forest_clump_long,
          infiniplex_forest_lined_4_way, infiniplex_forest_lined_room_2,
          infiniplex_forest_end_3, infiniplex_forest_lined_3,
          infiniplex_forest_straight_2, infiniplex_forest_clump_C,
          infiniplex_forest_side_room, infiniplex_forest_straight_2

Skill      XL: |  1  2  3  4  5 |
---------------+----------------+-----
Dodging        | 1 2 |  2.8
Maces & Flails | 3 4 |  4.8
Armour         | 4 |  4.9
Fighting       | 4 |  4.5
Shields        | |  3.2

Action                   |  1- 3 |  4- 6 |  7- 9 || total
-------------------------+-------+-------+-------++-------
Melee: Flail             |   100 |   314 |    53 ||   467
  Eat: Chunk             |       |     6 |       ||     6
Armor: Scale mail        |    84 |   253 |    40 ||   377
Dodge: Dodged            |    51 |   139 |    19 ||   209
Block: Shield            |    65 |   223 |    26 ||   314
